 Dungeon Crawl Stone Soup version 0.31-a0-145-g046c7d2549 (webtiles) character file.

Game seed: 1186399538508211336

5754 Elmgren the Fighter (level 10, 0/141 (145) HPs)
             Began as a Minotaur Berserker on June 7, 2023.
             Was a Priest of Trog.
             Succumbed to a gnoll sergeant's poison
             ... on level 9 of the Dungeon.
             The game lasted 00:31:39 (7884 turns).

Elmgren the Fighter (Minotaur Berserker)            Turns: 7884, Time: 00:31:39

HP:   0/141 (145)   AC:  9    Str: 27    XL:     10   Next: 49%
MP:   9/9           EV: 11    Int: 10    God:    Trog [***...]
Gold: 583           SH:  0    Dex:  9    Spells: 9/9 levels left

rFire   . . .        f - +1 battleaxe
rCold   . . .        (shield currently unavailable)
rNeg    . . .        d - +1 ring mail {rPois}
rPois   +            (helmet restricted)
rElec   .            (no cloak)
rCorr   .            e - +0 pair of gloves
SInv    .            (no boots)
Will    .....        i - amulet of the acrobat Stlth
                     r - +6 ring of intelligence
HPRegen 0.43/turn    (no ring)
MPRegen 0.11/turn

%: acrobat
@: confused, berserking (expiring), lethally poisoned (0 -> -3), lightly
drained, very quick
A: horns 2, retaliatory headbutt
a: Renounce Religion, Berserk, Trog's Hand


You were on level 9 of the Dungeon.
You worshipped Trog.
Trog was most pleased with you.
You visited 1 branch of the dungeon, and saw 9 of its levels.

You collected 583 gold pieces.

Inventory:

Hand Weapons
 f - a +1 battleaxe (weapon)
Armour
 d - a +1 ring mail of poison resistance (worn)
 e - a +0 pair of gloves (worn)
 h - a +0 chain mail
Jewellery
 i - an amulet of the acrobat (around neck)
 r - a +6 ring of intelligence (left hand)
Wands
 j - a wand of roots (5)
 p - a wand of flame (6)
Scrolls
 c - 3 scrolls of identify
 g - a scroll of teleportation
 m - a scroll of fog
 n - a scroll of magic mapping {unknown}
 q - a scroll of vulnerability
Potions
 a - a potion of magic
 b - a potion of berserk rage
 k - 2 potions of curing
 l - 2 potions of heal wounds
 o - 3 potions of might
 s - 2 potions of brilliance {unknown}


   Skills:
 + Level 11.7 Fighting
 + Level 11.7 Axes
 * Level 10.6 Armour
 - Level 2.1 Dodging


You had 9 spell levels left.
You didn't know any spells.
Your spell library was empty.

Dungeon Overview and Level Annotations

Branches:
Dungeon (9/15) Zot: 26014
 Temple: D:4-7         Lair: D:8-11         Orc: D:9-12

Altars:
Ashenzari
Hepliaklqana
Makhleb
Vehumet
Wu Jian
Xom
The Shining One

Shops:
D:4 (

Annotations:
D:9 Maurice


Innate Abilities, Weirdness & Mutations

You have a pair of horns on your head.
You reflexively headbutt those who attack you in melee.


Message History

The wight freezes you.
* * * LOW HITPOINT WARNING * * *
The gnoll hits you but does no damage. Something hits you but does no damage.
A red film seems to cover your vision as you go berserk!
You feel yourself moving faster!
You feel mighty! Something hits you but does no damage.
The gnoll sergeant barely misses you. The wight closely misses you.
The gnoll hits you but does no damage.
You hear some strange, mumbled words.
A puff of flame appears from out of thin air!
The puff of flame hits you.
* * * LOW HITPOINT WARNING * * *
Something hits you!
* * * LOW HITPOINT WARNING * * *
Something steals 5 of your 6 scrolls of teleportation!
You slash something! Trog accepts your kill.
Trog appreciates your killing of a magic user.
Reactivating autopickup.
You feel a bit more experienced.
You miss something. You closely miss the wight.
You hear a zap.
Deactivating autopickup; reactivate with Ctrl-A.
Your will is overpowered!
You are confused.
The wight completely misses you.
The gnoll sergeant hits you from afar with a +3 spear of venom.
* * * LOW HITPOINT WARNING * * *
You are lethally poisoned!
The gnoll hits you but does no damage.
* * * LOW HITPOINT WARNING * * *
You feel sick. Something hits you but does no damage.
Items here: )) [ ††.
Something barely misses you.
You feel a strong urge to attack something.
* * * LOW HITPOINT WARNING * * *
You feel sick.
You hear a zap.
Something tries to affect you, but you resist.
Items here: )) [[ †.
You bump into the rock wall.
You die...

.÷..# <)..# ##### #####
..).####...# #...# .
..#[...#.#.###.#.# ..
#.#)##.#.#.....#.# ..
+.#)##....######.# .#
###..............# g.#
#
#...........######g..#
#.............@)zggT.#
..............###{)g..#
...........###.#
#.#...# ...........#
#.. ....#.#
...#)....... #..##...#
# #.. ##.##...# #..
...(#.# ....#..


You could see a troll, a gnoll sergeant, a wight and 3 gnolls.

Vanquished Creatures
  The ghost of SlipperySam the Fighter, a novice MiFi of Dithmenos (D:7)
  3 death yaks (D:9)
  Joseph (D:7)
  A kobold demonologist (D:8)
  Sigmund (D:3)
  2 yaks (D:9)
  A water moccasin (D:3)
  A black bear (D:8)
  A centaur (D:8)
  Blork the orc (D:5)
  9 kobold brigands (D:8)
  A gnoll sergeant (D:9)
  3 bullfrogs
  4 scorpions
  3 wights (D:9)
  4 killer bees (D:9)
  A gnoll bouda (D:4)
  A jelly (D:4)
  4 orc priests (D:8)
  2 iguanas
  2 sleepcaps
  7 orc wizards
  10 gnolls
  3 adders
  2 white imps
  A worm (D:3)
  2 dart slugs
  8 orcs
  4 bats
  8 endoplasms
  4 giant cockroaches
  5 goblins
  9 hobgoblins
  5 jackals
  4 quokkas
  6 ball pythons
  2 frilled lizards (D:1)
  7 kobolds
  3 rats
137 creatures vanquished.

Notes
Turn   | Place    | Note
-------+----------+-------------------------------------------
     0 | D:1      | Elmgren the Minotaur Berserker began the quest for the Orb.
     0 | D:1      | Reached XP level 1. HP: 19/19 MP: 0/0
    46 | D:1      | Reached XP level 2. HP: 25/27 MP: 1/1
   819 | D:1      | Reached ** piety under Trog
  1118 | D:2      | Reached XP level 3. HP: 30/34 MP: 2/2
  1709 | D:3      | You fall into a shaft and drop 1 floor!
  1714 | D:4      | Found Omasuem's Weapon Shoppe.
  1961 | D:3      | Noticed a water moccasin
  1968 | D:3      | Killed a water moccasin
  1969 | D:3      | Reached skill level 5 in Fighting
  1969 | D:3      | Reached skill level 5 in Axes
  1969 | D:3      | Reached XP level 4. HP: 10/42 MP: 3/3
  1969 | D:3      | Reached XP level 5. HP: 12/49 MP: 4/4
  1977 | D:3      | HP: 2/49 [poisoned by a water moccasin]
  2148 | D:3      | Noticed Sigmund
  2155 | D:3      | Killed Sigmund
  2156 | D:3      | Reached XP level 6. HP: 58/58 MP: 5/5
  2547 | D:3      | Found a shimmering altar of Xom.
  2549 | D:3      | Found a broken altar of Ashenzari.
  2553 | D:3      | Found a glowing golden altar of the Shining One.
  2553 | D:3      | Found an ornate altar of the Wu Jian Council.
  2553 | D:3      | Found a hazy altar of Hepliaklqana.
  3118 | D:4      | Found a radiant altar of Vehumet.
  3259 | D:4      | Reached XP level 7. HP: 61/66 MP: 6/6
  3454 | D:5      | Entered Level 5 of the Dungeon
  4273 | D:6      | Noticed Blork the orc
  4288 | D:5      | Killed Blork the orc
  4731 | D:6      | Reached *** piety under Trog
  4871 | D:6      | Found a burning altar of Makhleb.
  5189 | D:7      | Noticed Joseph
  5200 | D:7      | Killed Joseph
  5201 | D:7      | Reached XP level 8. HP: 62/78 MP: 7/7
  5928 | D:8      | Found a runed translucent gate.
  5928 | D:8      | Found a runed translucent gate.
  5928 | D:8      | Found a runed translucent gate.
  5929 | D:8      | Noticed a kobold demonologist
  5929 | D:8      | Noticed SlipperySam's ghost (novice MiFi)
  6016 | D:8      | Reached skill level 5 in Armour
  6540 | D:8      | Killed a kobold demonologist
  6541 | D:8      | Reached skill level 10 in Fighting
  6541 | D:8      | Reached skill level 10 in Axes
  6541 | D:8      | Reached XP level 9. HP: 85/85 MP: 8/8
  6604 | D:7      | Killed SlipperySam's ghost
  6940 | D:9      | Noticed a death yak
  6945 | D:9      | Noticed a death yak
  6948 | D:9      | Noticed a death yak
  6956 | D:9      | Killed a death yak
  6958 | D:9      | Reached XP level 10. HP: 20/95 MP: 9/9
  7390 | D:9      | Killed a death yak
  7392 | D:9      | Killed a death yak
  7393 | D:9      | Reached skill level 10 in Armour
  7861 | D:9      | Noticed Maurice
  7880 | D:9      | HP: 4/141 [something (11)]
  7883 | D:9      | HP: 1/141 [poisoned by a gnoll sergeant]
  7884 | D:9      | Succumbed to a gnoll sergeant's poison

Illustrated notes

Levels and vault maps discovered:
D:1:      eino_arrival_water_cross, layout_basic, serial_park_tiny_pond
D:2:      layout_loops_ring, kennysheep_nondescript
D:3:      layout_rooms, minitemple, serial_glass, glass_columns_a,
          glass_columns_c, glass_columns_a, glass_columns_a, glass_columns_a,
          glass_columns_b, minmay_strange_pillars, feat_on_display,
          chequers_serial_rivers_micro_a, uniq_sigmund
D:4:      layout_cave_pools, lemuel_crystal_altar, serial_shops,
          nicolae_shop_bloodbath_and_beyond
D:5:      layout_loops_ring
D:6:      layout_cave_pools, mainiacjoe_overflow_chevrons, uniq_blork_the_orc
D:7:      layout_basic, minmay_temple_entry_enclosed_plants,
          corexii_item_surrounded_by_moat, uniq_joseph
D:8:      layout_basic, gammafunk_ghost_nasty_kobolds
D:9:      layout_basic, dpeg_lair_monsters, david_orc_4, serial_corexii_hall,
          corexii_hall_statues_deadend, corexii_hall_statues_u, uniq_maurice

Skill      XL: |  1  2  3  4  5  6  7  8  9 10 |
---------------+-------------------------------+-----
Fighting       | 4 5 6 7 9 10 11 | 11.7
Axes           | 4 5 6 7 9 10 11 | 11.7
Armour         | 6 9 10 | 10.6
Dodging        | |  2.1

Action                     |  1- 3 |  4- 6 |  7- 9 | 10-12 || total
---------------------------+-------+-------+-------+-------++-------
  Melee: Hand axe          |    91 |    48 |    33 |       ||   172
         Headbutt          |    16 |     6 |    16 |     7 ||    45
         Punch             |     1 |     2 |       |       ||     3
         Battleaxe         |       |       |    86 |    28 ||   114
 Invoke: Berserk           |       |     2 |     6 |     2 ||    10
    Use: Potion            |       |     5 |     2 |       ||     7
         Scroll            |       |     3 |     2 |       ||     5
 Armour: Animal skin       |    17 |       |       |       ||    17
         Ring mail         |     4 |    14 |    35 |    20 ||    73
         Scale mail        |       |       |     3 |       ||     3
         Chain mail        |       |       |    10 |       ||    10
  Dodge: Dodged            |    61 |    35 |   128 |    26 ||   250

Table legend: (Time is in decaauts)
 A = Elapsed time spent in this place.
 B = Non-inter-level travel time spent in this place.
 C = Inter-level travel time spent in this place.
 D = Time resting spent in this place.
 E = Time spent auto-exploring this place.
 F = Levels seen in this place.
 G = Mean time per level.
                   A        B        C        D        E       F      G
               +--------+--------+--------+--------+--------+-----+--------+
         Total |   7989 |   7753 |    236 |   2680 |   3824 |   9 |  887.7 |
       Dungeon |   7989 |   7753 |    236 |   2680 |   3824 |   9 |  887.7 |
               +--------+--------+--------+--------+--------+-----+--------+

Top non-repeatable levels by time:
     D:8: 1895 daAuts
     D:3: 1060 daAuts
     D:1: 1031 daAuts
     D:5: 1007 daAuts
     D:4: 899 daAuts
     D:2: 679 daAuts
     D:6: 672 daAuts
     D:7: 628 daAuts
     D:9: 116 daAuts
